Map: Lost and Found LE

Players

Patience - Winner!

  • Race: Protoss Protoss
  • Spawn Location: 7:00

Elazer

  • Race: Zerg Zerg
  • League: Grandmaster
  • Spawn Location: 1:00

Event: HomeStory Cup XVII

VOD

Have the link to the VOD?

Description

Time

  • Played on: June 30, 2018, 7:49 a.m.
  • Length: 11:34

All games in this series

Show
View Real Time Build Order
Export as new Build Order

Patience Protoss - Winner!

Build Orders: 1 Gate Expand, Oracle Opening, Phoenix Opening, Archon Immortal, Zealot Archon, Archon Drop 

Get SALT Encoding   

  12  0:00  Probe  
  13  0:12  Probe  
  14  0:19  Pylon  
  14  0:24  Probe  
  15  0:33  Probe  
  15  0:41  Probe  
  16  0:44  Gateway  
  16  0:48  Assimilator  
  17  0:51  Probe  
  18  1:03  Probe  
  19  1:16  Probe  
  20  1:23  Nexus  
  20  1:34  Cybernetics Core  
  20  1:36  Probe  
  21  1:45  Assimilator  
  21  1:48  Probe  
  21  1:52  Pylon  
  22  2:01  Probe  
  22  2:02  Adept  
  23  2:13  Probe  
  26  2:18  Stargate  
  26  2:25  Probe  
  26  2:28  Warp Gate  
  27  2:31  Adept, Probe  
  27  2:33  Probe  
  30  2:39  Probe  
  30  2:41  Probe  
  32  2:49  Probe  
  33  2:52  Probe  
  33  2:56  Phoenix  
  35  3:01  Probe  
  35  3:04  Probe  
  39  3:10  Pylon  
  39  3:13  Probe  
  39  3:16  Probe  
  39  3:17  Oracle  
  41  3:26  Probe  
  45  3:28  Probe  
  45  3:31  Gateway  
  46  3:35  Assimilator  
  46  3:37  Assimilator, Probe  
  46  3:40  Probe  
  48  3:45  Probe  
  48  3:47  Robotics Facility  
  48  3:52  Probe  
  48  3:53  Probe  
  48  3:54  Twilight Council  
  50  3:57  Pylon  
  51  4:04  Probe  
  51  4:05  Probe  
  53  4:15  Gateway x2  
  53  4:16  Probe  
  55  4:17  Probe  
  55  4:24  Warp Prism  
  55  4:38  Templar Archives  
  57  4:40  Forge  
  57  4:43  Zealot x2  
  57  4:45  Pylon  
  61  5:01  Nexus, Observer, Pylon  
  61  5:05  Probe  
  61  5:06  Probe  
  64  5:10  Pylon  
  64  5:18  Probe x2  
  64  5:20  Immortal  
  66  5:22  High Templar x4  
  74  5:28  Archon  
  74  5:29  Archon  
  78  5:43  Probe x2  
  78  5:44  Robotics Facility  
  78  5:49  Immortal  
  78  5:55  Probe  
  79  5:57  Probe  
  79  6:01  Gateway  
  79  6:02  Gateway, Stalker  
  86  6:05  Gateway  
  86  6:06  Gateway  
  86  6:11  Pylon  
  86  6:14  Protoss Ground Weapons Level 1  
  86  6:21  Immortal  
  86  6:22  Probe  
  86  6:23  Probe x2  
  86  6:24  Charge  
  89  6:25  Observer  
  89  6:27  Assimilator  
  89  6:32  Assimilator  
  94  6:34  Probe  
  94  6:35  Probe x2  
  97  6:40  Photon Cannon  
  97  6:43  Shield Battery, Pylon  
  97  6:49  Immortal  
  97  6:50  Photon Cannon, Shield Battery  
  97  6:53  Zealot x2  
  101  6:57  Immortal  
  109  7:10  Photon Cannon  
  109  7:17  Photon Cannon  
  109  7:19  Psionic Storm  
  109  7:24  Photon Cannon  
  109  7:25  Probe x3  
  109  7:26  Shield Battery  
  109  7:27  Photon Cannon, High Templar x2  
  116  7:31  Photon Cannon  
  116  7:34  Pylon  
  115  7:44  Pylon  
  115  7:45  Pylon  
  115  7:49  Photon Cannon  
  115  7:55  High Templar x2  
  119  7:59  Photon Cannon  
  119  8:01  Immortal, Shield Battery  
  123  8:08  Immortal  
  127  8:12  Zealot  
  127  8:13  Zealot  
  129  8:20  Zealot x3  
  119  8:33  Zealot x3  
  98  8:41  Archon  
  98  8:42  Zealot x3  
  95  8:48  Probe  
  95  8:49  Probe x2  
  95  8:54  Zealot x3  
  84  9:04  Protoss Ground Weapons Level 2, Zealot x3  
  88  9:11  Observer  
  88  9:14  High Templar  
  88  9:15  High Templar x2  
  88  9:16  Probe x2  
  96  9:21  Gateway  
  96  9:22  Gateway  
  96  9:27  High Templar x2  
  96  9:28  High Templar  
  102  9:32  Immortal  
  102  9:35  Photon Cannon  
  102  9:37  Observer  
  97  9:45  Observer  
  97  9:48  High Templar x2  
  97  9:52  Probe x3  
  104  9:53  Archon  
  104  9:58  Photon Cannon  
  104  9:59  Photon Cannon  
  104  10:01  Shield Battery  
  104  10:02  High Templar  
  104  10:03  High Templar  
  104  10:04  Probe  
  108  10:20  Zealot x3  
  108  10:21  Zealot  
  116  10:23  Immortal  
  116  10:27  Archon  
  111  10:32  Nexus  
  115  10:42  Archon  
  115  10:46  High Templar x3, Archon, Zealot x2  
  115  10:47  Zealot  
  127  10:51  High Templar  
  127  10:53  Immortal  
  127  10:54  Immortal  
  127  10:56  Zealot  
  121  11:07  Zealot  
  121  11:10  Zealot  
  110  11:18  High Templar x2  
  112  11:25  Archon  
  112  11:30  Archon  
  112  11:31  Zealot x3  
Show
View Real Time Build Order
Export as new Build Order

Elazer Zerg 

Build Orders: Hatch First, Roach Hydra 

Get SALT Encoding   

  12  0:00  Drone  
  13  0:12  Overlord  
  13  0:17  Drone  
  14  0:31  Drone x2  
  16  0:47  Hatchery  
  15  0:51  Drone  
  15  0:55  Drone  
  17  0:58  Drone  
  18  1:09  Extractor  
  17  1:14  Spawning Pool  
  17  1:16  Drone  
  17  1:19  Drone  
  18  1:28  Drone  
  19  1:39  Drone  
  20  1:54  Overlord  
  20  2:00  Queen x2  
  20  2:01  Zergling x4  
  26  2:10  Drone  
  26  2:11  Drone  
  26  2:12  Metabolic Boost  
  28  2:20  Drone  
  28  2:21  Drone  
  30  2:31  Drone  
  30  2:32  Drone  
  32  2:38  Hatchery  
  32  2:44  Queen  
  31  2:49  Overlord  
  33  2:52  Drone  
  33  2:54  Drone  
  33  2:56  Drone  
  36  3:09  Drone x4  
  36  3:10  Drone  
  36  3:11  Drone  
  36  3:12  Overlord  
  42  3:20  Queen  
  42  3:23  Overlord  
  44  3:31  Drone x4  
  48  3:45  Drone x3  
  48  3:46  Spore Crawler  
  50  3:48  Drone x2  
  50  3:50  Overlord, Spore Crawler  
  50  3:52  Drone x3  
  54  3:56  Queen  
  54  4:01  Drone  
  57  4:03  Drone  
  57  4:08  Overlord  
  58  4:11  Spore Crawler, Lair  
  58  4:13  Drone x2  
  59  4:17  Drone x2  
  59  4:19  Drone  
  59  4:21  Drone x2  
  64  4:26  Extractor  
  64  4:27  Extractor  
  64  4:28  Roach Warren  
  60  4:32  Drone x4  
  60  4:34  Drone  
  60  4:36  Drone x2  
  66  4:38  Drone  
  66  4:44  Drone x3  
  70  4:46  Overlord  
  70  4:51  Drone x2  
  70  4:52  Evolution Chamber  
  71  4:53  Overlord  
  71  4:57  Overlord  
  71  5:00  Extractor  
  71  5:01  Overlord  
  71  5:02  Extractor  
  69  5:09  Roach  
  69  5:10  Roach x5, Glial Reconstitution  
  69  5:12  Roach  
  69  5:13  Overlord  
  83  5:15  Roach  
  83  5:17  Roach  
  83  5:19  Roach  
  89  5:23  Overlord  
  89  5:25  Roach x2  
  93  5:32  Overlord  
  93  5:34  Roach x3  
  98  5:38  Overlord  
  98  5:41  Overlord  
  98  5:42  Roach x3  
  104  5:46  Overlord  
  104  5:48  Zergling x10  
  109  5:52  Overlord  
  109  5:55  Roach  
  109  5:56  Roach  
  113  5:57  Roach  
  113  5:59  Zerg Missile Weapons Level 1  
  113  6:00  Overseer  
  115  6:10  Overlord  
  115  6:13  Roach x5  
  125  6:19  Roach x3  
  125  6:24  Hydralisk Den  
  130  6:29  Roach x2  
  130  6:30  Roach x2  
  138  6:39  Zergling x2  
  139  6:40  Zergling x12  
  139  6:43  Overlord  
  139  6:45  Overlord  
  145  6:49  Overlord  
  145  6:59  Grooved Spines, Hydralisk x5  
  155  7:03  Hydralisk x2  
  155  7:07  Hydralisk  
  161  7:08  Hydralisk  
  163  7:16  Zergling x12  
  163  7:22  Ravager x2  
  171  7:24  Overlord  
  171  7:26  Overlord  
  171  7:28  Zergling x8  
  175  7:35  Zergling x6  
  178  7:40  Overlord  
  178  7:45  Ravager x4  
  178  7:46  Zergling x2  
  178  7:47  Zergling x8  
  178  7:49  Overlord  
  178  7:50  Ravager  
  188  7:53  Ravager  
  188  7:55  Zergling x10  
  185  8:16  Zergling x16  
  180  8:26  Zergling x4  
  175  8:30  Zergling x2  
  175  8:31  Zergling x10  
  175  8:32  Hydralisk  
  175  8:34  Muscular Augments  
  155  8:44  Hydralisk  
  155  8:45  Hydralisk x4  
  132  8:52  Hydralisk x2  
  114  8:56  Hydralisk  
  114  9:00  Hydralisk  
  114  9:01  Zergling x4  
  103  9:06  Hydralisk  
  103  9:07  Hydralisk x2  
  103  9:08  Hydralisk  
  103  9:09  Hydralisk  
  102  9:16  Hydralisk x3  
  103  9:19  Hatchery  
  103  9:22  Hydralisk x2  
  110  9:31  Roach x4  
  118  9:36  Roach x3  
  118  9:38  Roach  
  126  9:40  Roach  
  126  9:44  Roach x2  
  132  9:47  Zergling x4  
  132  9:50  Zergling x6  
  137  9:55  Zergling x2  
  137  9:56  Zergling x2  
  137  9:59  Zergling x2  
  140  10:00  Zergling x8  
  140  10:02  Ravager  
  140  10:03  Ravager x3  
  140  10:04  Ravager  
  140  10:06  Zergling x6  
  152  10:11  Zergling x6  
  152  10:13  Ravager x2  
  157  10:17  Zergling x8  
  157  10:21  Ravager  
  160  10:33  Ravager x2  
  160  10:35  Zergling x20  
  143  10:53  Zergling x20  
  133  11:00  Zergling x4  
  115  11:08  Hydralisk x5  
Tags
 
Add a new tag
Caveats
  • Supply blocks, unpowered buildings, or Contaminate may cause inaccurate times.
  • Supply counts are checked every 10 seconds.